 Dungeon Crawl Stone Soup version 0.28.0 (webtiles) character file.

Game seed: 10846757365930378012

408 Fallenstar the Chopper (level 6, -3/56 HPs)
             Began as a Minotaur Fighter on Feb 17, 2022.
             Slain by a troll (13 damage)
             ... on level 5 of the Dungeon.
             The game lasted 00:07:40 (4195 turns).

Fallenstar the Chopper (Minotaur Fighter)           Turns: 4195, Time: 00:07:43

Health: -3/56      AC:  9    Str: 22    XL:     6   Next: 57%
Magic:  5/5        EV: 10    Int:  5    God:
Gold:   237        SH:  4    Dex: 10    Spells: 5/5 levels left

rFire   . . .      SeeInvis .   a - +0 war axe
rCold   . . .      Faith    .   c - +0 buckler
rNeg    . . .      Spirit   .   g - +3 ring mail
rPois   .          Reflect  .   (helmet restricted)
rElec   .          Harm     .   (no cloak)
rCorr   .          Rampage  .   (no gloves)
Will    .....                   (no boots)
Stlth   +.........              (no amulet)
HPRegen 0.18/turn               (no ring)
MPRegen 0.09/turn               (no ring)

@: no status effects
A: horns 2, retaliatory headbutt
a: no special abilities


You were on level 5 of the Dungeon.
You visited 1 branch of the dungeon, and saw 5 of its levels.

You collected 237 gold pieces.

Inventory:

Hand Weapons
 a - a +0 war axe (weapon)
Armour
 b - a +0 scale mail
 c - a +0 buckler (worn)
 g - a +3 ring mail (worn)
Jewellery
 p - a ring of magical power
Scrolls
 d - 3 scrolls of fear {unknown}
 f - a scroll of fog
 i - a scroll of teleportation
 j - 5 scrolls of identify
 k - a scroll of summoning
 m - a scroll of vulnerability {unknown}
 o - a scroll of brand weapon {unknown}
Potions
 e - a potion of resistance
 h - a potion of lignification
 l - a potion of heal wounds
 n - a potion of might
 q - a potion of mutation {unknown}


   Skills:
 + Level 5.0 Fighting
 + Level 5.9 Axes
 + Level 5.0 Armour
 + Level 1.8 Dodging
 + Level 0.5 Stealth
 + Level 4.4 Shields


You had 5 spell levels left.
You didn't know any spells.
Your spell library contained the following spells:

 Spells                   Type           Power      Damage    Failure   Level
 Conjure Flame            Conj/Fire      0%         6-21      97%         3
 Ignite Poison            Fire/Tmut/Pois 0%         N/A       97%         3
 Sticky Flame             Conj/Fire      0%         2d3       100%        4


Dungeon Overview and Level Annotations

Branches:
Dungeon (5/15)
 Temple: D:4-7

Altars:
Dithmenos
Xom
Yredelemnul


Innate Abilities, Weirdness & Mutations

You have a pair of horns on your head.
You reflexively headbutt those who attack you in melee.


Message History

The troll bites you but does no damage. The troll claws you!
The troll closely misses you.
You completely miss the troll. You hit the scorpion zombie.
The troll barely misses you. The troll closely misses you.
The troll claws you but does no damage. The scorpion zombie hits you.
You barely miss the troll. You hit the scorpion zombie.
You block the troll's attack.
The troll claws you but does no damage. x2
The scorpion zombie completely misses you.
You closely miss the troll. You slash the scorpion zombie!
The troll barely misses you. You furiously retaliate!
You headbutt the troll! You block the troll's attack. The troll claws you.
The scorpion zombie barely misses you. You furiously retaliate!
You headbutt the scorpion zombie, but do no damage.
The troll bites you! The troll closely misses you.
You block the troll's attack.
You hit the troll but do no damage.
The troll is moderately wounded.
You slash the scorpion zombie!
The scorpion zombie hits you but does no damage.
You block the troll's attack. x2; The troll claws you but does no damage.
The scorpion zombie barely misses you. You furiously retaliate!
You headbutt the scorpion zombie. You hit the troll. You headbutt the troll.
The troll is moderately wounded.
You hit the scorpion zombie. The troll closely misses you.
You furiously retaliate!
You headbutt the troll. The troll misses you.
The troll claws you but does no damage. The scorpion zombie barely misses you.
You furiously retaliate!
You headbutt the scorpion zombie!
You destroy the scorpion zombie!
You hit the troll but do no damage.
The troll is heavily wounded.
The troll bites you! You block the troll's attack. The troll claws you!
Unknown command.
You hit the troll.
The troll is heavily wounded.
The troll bites you but does no damage. The troll claws you but does no damage.
The troll claws you!
* * * LOW HITPOINT WARNING * * *
The troll bites you!
You die...

#...)....
#.....
#..(.#####
#....<...#
##......#.#
#.......#
#.......#
#.#.....#
#..@#...#
#......T......#
##.####.#.#.#.#
.. ...<#.###
.#.#.#..
..#.#.#### .#
#.#.# ..#


You could see a troll.

Vanquished Creatures
  An ice beast (D:5)
  A scorpion (D:4)
  A hound (D:4)
  An orc wizard (D:4)
  A scorpion zombie (D:5)
  A gnoll (D:3)
  6 adders
  An ufetubus (D:4)
  2 worms
  3 dart slugs
  5 orcs
  6 ball pythons
  8 endoplasms
  6 giant cockroaches
  8 hobgoblins
  3 jackals
  11 kobolds
  4 quokkas
  6 bats
  A frilled lizard (D:3)
  7 goblins
  9 rats
92 creatures vanquished.

Notes
Turn   | Place    | Note
-------+----------+-------------------------------------------
     0 | D:1      | Fallenstar the Minotaur Fighter began the quest for the
                  | Orb.
     0 | D:1      | Reached XP level 1. HP: 19/19 MP: 0/0
   305 | D:1      | Reached XP level 2. HP: 27/27 MP: 1/1
   537 | D:1      | Found a faded altar of an unknown god.
   831 | D:1      | Reached XP level 3. HP: 33/33 MP: 2/2
  2170 | D:3      | Reached XP level 4. HP: 36/41 MP: 3/3
  2813 | D:3      | Found a faded altar of an unknown god.
  2817 | D:3      | Found a shimmering altar of Xom.
  3097 | D:4      | Found a shadowy altar of Dithmenos.
  3280 | D:4      | Reached XP level 5. HP: 46/47 MP: 4/4
  3304 | D:4      | Reached skill level 5 in Axes
  3676 | D:4      | Found a basalt altar of Yredelemnul.
  3783 | D:4      | Reached skill level 1 in Dodging
  3783 | D:4      | Reached XP level 6. HP: 40/55 MP: 5/5
  4174 | D:5      | Entered Level 5 of the Dungeon
  4174 | D:5      | Noticed an ice beast
  4183 | D:5      | Killed an ice beast
  4184 | D:5      | Reached skill level 5 in Fighting
  4184 | D:5      | Reached skill level 5 in Armour
  4184 | D:5      | Noticed a troll
  4195 | D:5      | Slain by a troll

Illustrated notes

Levels and vault maps discovered:
D:1:      nagdon_arrival_zigzag_paths, layout_loops_ring,
          hellmonk_ecumenical_altar_heavens_door
D:2:      layout_basic
D:3:      layout_basic, nicolae_overflow_ecumenical_swirl, minmay_vboxes
D:4:      layout_cave_pods, nicolae_overflow_hidden_temple,
          nicolae_overflow_crystal_walls
D:5:      kennysheep_big_flooded_room, layout_basic, zin_scriptorium,
          kennysheep_mini, minmay_temple_entry_arrows, kennysheep_generic_room_9

Skill      XL: |  1  2  3  4  5  6 |
---------------+-------------------+-----
Armour         | 4 5 |  5.0
Fighting       | 4 5 |  5.0
Axes           | 3 4 5 |  5.9
Shields        | 4 |  4.4
Dodging        | 1 |  1.8
Stealth        | |  0.5

Action                   |  1- 3 |  4- 6 || total
-------------------------+-------+-------++-------
Melee: War axe           |    91 |   108 ||   199
       Headbutt          |    12 |    13 ||    25
  Use: Potion            |       |     8 ||     8
       Scroll            |       |     4 ||     4
Armor: Scale mail        |    38 |    30 ||    68
       Ring mail         |       |    32 ||    32
Dodge: Dodged            |    39 |    56 ||    95
Block: Buckler           |    19 |    27 ||    46
